[Event "Team 45 45 League T43"]
[Site "Internet Chess Club"]
[Date "2009.11.30"]
[Round "5"]
[White "Jack-ONeill"]
[Black "playwaycool"]
[Result "1/2-1/2"]
[WhiteElo "2021"]
[BlackElo "2086"]
[Opening "Réti opening"]
[ECO "A04"]
[Time "16:07:29"]
[TimeControl "2700+45"]

1. Nf3 g6 2. d4 Bg7 3. c4 c5 4. d5 d6 5. e4 Nd7 6. Nc3 Rb8 7. Be2 Ne5 8. h3 Bd7
9. O-O a6 10. a4 h6 11. Ne1 g5 12. f4 gxf4 13. Bxf4 Ng6 14. Be3 Nf6 15. Nd3 b5
16. axb5 axb5 17. cxb5 O-O 18. Nf4 Ne5 19. Ra7 Kh7 20. Qa4 Rg8 21. Qa5 Qxa5 22.
Rxa5 Rb7 23. Rfa1 Rgb8 24. Ra7 Ne8 25. Rxb7 Rxb7 26. Ra5 Nc7 27. Nh5 Bh8 28. Ng3
e6 29. Nf1 Ng6 30. b6 Rxb6 31. Ra7 Rxb2 32. Rxc7 Bxc3 33. Rxd7 Rxe2 34. dxe6 Bd4
35. exf7 Nf8 36. Rd8 Rxe3 37. Nxe3 Bxe3+ 38. Kf1 Kg7 39. Rxd6 Kxf7 40. Ke2 Bg5
41. Rc6 Ne6 42. Rc8 Bf4 43. Kd3 Kf6 44. Kc4 Ke5 45. Re8 Bg3 46. Rh8 Bf4 47. g3
Be3 48. Re8 Bd2 49. h4 h5 50. Rh8 Ng7 51. Rh7 Kf6 52. Kxc5 Kg6 53. Rh8 Be1 54.
Kd5 Bxg3 55. e5 Bxh4 56. e6 Be7 57. Kc6 Nf5 58. Kd7 h4 59. Rg8+ Kh5 60. Rh8+ Kg4
61. Rg8+ Bg5 62. Ra8 h3 63. Ra4+ Kf3 64. Ra5 Kg4 65. Ra4+ Kf3 66. Ra5 Ke4 67.
Ra3 Be3 68. Ra4+ Kf3 69. e7 Nxe7 70. Rh4 {Game drawn by mutual agreement}
1/2-1/2

[Event "Team 45 45 League T43"]
[Site "Internet Chess Club"]
[Date "2009.11.29"]
[Round "5"]
[White "xakelari"]
[Black "Zumbi"]
[Result "1/2-1/2"]
[WhiteElo "2032"]
[BlackElo "2031"]
[Opening "Sicilian: closed, 6.f4"]
[ECO "B25"]
[Time "15:47:54"]
[TimeControl "2700+45"]

1. e4 c5 2. Nc3 Nc6 3. g3 g6 4. Bg2 Bg7 5. d3 d6 6. f4 e6 7. Nf3 Nge7 8. O-O O-O
9. Be3 b6 10. d4 Ba6 11. Re1 Qc7 12. a4 Rad8 13. Nb5 Bxb5 14. axb5 Nxd4 15. Nxd4
cxd4 16. Bxd4 e5 17. Bc3 d5 {Game drawn by mutual agreement} 1/2-1/2

[Event "Team 45 45 League T43"]
[Site "Internet Chess Club"]
[Date "2009.11.29"]
[Round "5"]
[White "Telos"]
[Black "ElCreyente"]
[Result "0-1"]
[WhiteElo "2382"]
[BlackElo "2300"]
[Opening "King's Indian: Sämisch, 5...O-O"]
[ECO "E81"]
[Time "15:00:12"]
[TimeControl "2700+45"]

1. d4 Nf6 2. c4 g6 3. Nc3 Bg7 4. e4 d6 5. f3 O-O 6. Be3 c5 7. dxc5 dxc5 8. Qxd8
Rxd8 9. Bxc5 Nc6 10. Nd5 Nd7 11. Bxe7 Nxe7 12. Nxe7+ Kf8 13. Nd5 Bxb2 14. Rb1
Bg7 15. Nh3 Nc5 16. g4 b6 17. Ng5 h6 18. Nh7+ Kg8 19. Nhf6+ Kf8 20. h4 Bb7 21.
g5 Bxd5 22. Nxd5 hxg5 23. hxg5 Rac8 24. Be2 Na4 25. Rb3 Nb2 26. Ra3 Rd7 27. Kf2
Nxc4 28. Bxc4 Rxc4 29. Ke2 Rc2+ 30. Kd3 Rg2 31. Rc1 Be5 32. Rc8+ Kg7 33. Ra4
Rxg5 34. Kc4 Rg2 35. Kb5 Rf2 36. Kc6 Rd6+ 37. Kb7 Rxf3 38. Kxa7 b5 39. Ra5 b4
40. Kb7 b3 41. axb3 Rxb3+ 42. Ka8 Re6 43. Ra4 g5 44. Ra7 Bd4 45. Ra4 Rxe4 46.
Ra5 Re5 47. Ra6 Rxd5 48. Rg6+ Kxg6 49. Rg8+ Kf5 50. Rxg5+ Ke6 51. Rg6+ Bf6
{White resigns} 0-1

[Event "Team 45 45 League T43"]
[Site "Internet Chess Club"]
[Date "2009.11.30"]
[Round "5"]
[White "nodoy1"]
[Black "goala"]
[Result "1/2-1/2"]
[WhiteElo "2090"]
[BlackElo "2132"]
[Opening "English: symmetrical, hedgehog system"]
[ECO "A30"]
[Time "16:25:21"]
[TimeControl "2700+45"]

1. Nf3 Nf6 2. c4 c5 3. g3 b6 4. Bg2 Bb7 5. O-O e6 6. Nc3 Be7 7. d3 O-O 8. Qc2 d6
9. b3 a6 10. Bb2 Nbd7 11. Rad1 Qc7 12. Qb1 Rac8 13. Qa1 Qb8 14. e3 b5 15. cxb5
axb5 {Game drawn by mutual agreement} 1/2-1/2

[Event "Team 45 45 League T43"]
[Site "Internet Chess Club"]
[Date "2009.11.27"]
[Round "5"]
[White "Russian"]
[Black "trucazzo"]
[Result "1/2-1/2"]
[WhiteElo "2061"]
[BlackElo "2147"]
[Opening "Scandinavian: Pytel-Wade variation"]
[ECO "B01"]
[Time "17:19:23"]
[TimeControl "2700+45"]

1. e4 d5 2. exd5 Qxd5 3. Nc3 Qd6 4. d4 Nf6 5. Nf3 a6 6. Ne5 Nc6 7. Nxc6 Qxc6 8.
Bf4 Bg4 9. Qd2 e6 10. f3 Bf5 11. a3 O-O-O 12. O-O-O Be7 13. Qf2 Bxa3 14. d5 Qxc3
15. bxa3 Qxa3+ 16. Kb1 Nxd5 17. Rxd5 Rxd5 18. Bc4 Ra5 19. Qd4 Qb4+ 20. Kc1 Rd8
21. Bxe6+ fxe6 22. Qxb4 Ra1+ 23. Kb2 Rxh1 24. Qe7 Rd7 {Game drawn by mutual
agreement} 1/2-1/2

[Event "Team 45 45 League T43"]
[Site "Internet Chess Club"]
[Date "2009.11.27"]
[Round "5"]
[White "lluisdp"]
[Black "picante"]
[Result "1-0"]
[WhiteElo "2068"]
[BlackElo "1993"]
[Opening "Queen's pawn game"]
[ECO "A46"]
[Time "17:13:23"]
[TimeControl "2700+45"]

1. d4 Nf6 2. Nf3 e6 3. Bf4 c5 4. c3 b6 5. e3 Bb7 6. h3 Be7 7. Bd3 d6 8. Nbd2
Nbd7 9. O-O O-O 10. Qe2 Re8 11. e4 cxd4 12. cxd4 Nf8 13. Rac1 Rc8 14. Bb5 N8d7
15. Ba6 Rxc1 16. Rxc1 Qa8 17. Rc7 Bc6 18. Qc4 Bxe4 19. Nxe4 Qxe4 20. Bg5 h6 21.
Bxf6 Nxf6 22. Bb5 Qb1+ 23. Kh2 d5 24. Qc6 Qxb2 25. Rxa7 Kh7 26. Qxb6 Ne4 27. Qb7
Bd6+ 28. Ne5 Rb8 29. Qxf7 Bxe5+ 30. dxe5 Qxe5+ 31. f4 Qc3 32. Bd3 Rb2 33. Bxe4+
dxe4 34. Qxe6 e3 35. Qf5+ Kg8 36. Ra8+ {Black resigns} 1-0

[Event "Team 45 45 League T43"]
[Site "Internet Chess Club"]
[Date "2009.11.25"]
[Round "5"]
[White "Aguiar94"]
[Black "chiiwen"]
[Result "1/2-1/2"]
[WhiteElo "2266"]
[BlackElo "2090"]
[Opening "Sicilian: Hungarian variation"]
[ECO "B27"]
[Time "13:02:33"]
[TimeControl "2700+45"]

1. e4 c5 2. Nf3 g6 3. c3 Bg7 4. d4 cxd4 5. cxd4 d5 6. e5 Bg4 7. Be2 Nc6 8. Nc3
f6 9. Qb3 Bxf3 10. Bxf3 e6 11. exf6 Bxf6 12. Qxb7 Nxd4 13. O-O Ne7 14. Re1 O-O
15. Bg4 Nef5 16. Qa6 Qb6 17. Qd3 Rae8 18. Rb1 Qd6 19. Be3 Nc6 20. Bxf5 gxf5 21.
Nb5 Qd7 22. Bc5 Be7 23. Qg3+ Kh8 24. Bxe7 Rxe7 25. Rbc1 Rg7 26. Qd6 Qxd6 27.
Nxd6 Nd8 28. b3 Rd7 29. Nb5 Kg7 30. Nd4 Kf6 31. f4 Rd6 32. Re2 Rf7 33. Rce1 a6
34. Re5 Rc7 35. h3 h5 36. g4 hxg4 37. hxg4 fxg4 38. f5 Rc1 39. fxe6 Rxe1+ 40.
Rxe1 Nxe6 41. Rf1+ Kg5 42. Rd1 Nf4 43. Re1 Nh3+ 44. Kg2 Nf4+ 45. Kg1 Nd3 46. Re8
Kf4 47. Kg2 Nc5 48. Ne2+ Kf5 49. Nd4+ Kg5 50. b4 Ne4 51. a4 Rf6 52. Re5+ Kh4 53.
Nf5+ Kg5 54. Nd4+ Kh4 55. Rxd5 Rf2+ 56. Kg1 g3 57. b5 axb5 58. axb5 Ng5 59. Nf5+
Kg4 60. Nh6+ Kh5 61. Rf5 Kxh6 62. Rxf2 gxf2+ 63. Kxf2 Ne4+ 64. Kf3 Nd6 65. b6
Kg6 66. Kf4 Kf6 {Game drawn by mutual agreement} 1/2-1/2

[Event "Team 45 45 League T43"]
[Site "Internet Chess Club"]
[Date "2009.11.30"]
[Round "5"]
[White "perikitosax"]
[Black "adh2050"]
[Result "1/2-1/2"]
[WhiteElo "1954"]
[BlackElo "2068"]
[Opening "King's Indian: orthodox, Aronin-Taimanov, bayonet attack"]
[ECO "E97"]
[Time "13:40:58"]
[TimeControl "2700+45"]

1. d4 Nf6 2. Nf3 g6 3. c4 Bg7 4. Nc3 d6 5. e4 O-O 6. Be2 Nc6 7. O-O e5 8. d5 Ne7
9. b4 a5 10. Ba3 axb4 11. Bxb4 Nd7 12. a4 Bh6 13. Nd2 f5 14. Bd3 Kh8 15. Nb3 f4
16. c5 Rf6 17. f3 Bf8 18. cxd6 cxd6 19. Nb5 Ng8 20. Qc2 g5 21. Nc7 Rb8 22. Nb5
Rg6 23. Qc7 Qxc7 24. Nxc7 h5 25. Nb5 g4 26. Be2 b6 27. Rfc1 Nc5 28. Bxc5 bxc5
29. Nd2 Nh6 30. Rcb1 Ba6 31. Nc4 Nf7 32. Kf2 Be7 33. Nc7 g3+ 34. Kg1 gxh2+ 35.
Kxh2 Rbg8 36. Rg1 Bxc4 37. Bxc4 Bh4 38. Ra2 Ng5 39. Rb1 Bg3+ 40. Kh1 h4 41. Ne6
h3 42. Nxg5 hxg2+ 43. Kxg2 Rxg5 44. Rh1+ Kg7 45. Kf1 Rb8 46. Ke2 Rb4 47. Kd3 Bf2
48. Rxf2 Rxa4 49. Rb1 Rg3 50. Rb3 Kf6 51. Bb5 Rd4+ 52. Kc2 Rg1 53. Rb1 Rxb1 54.
Kxb1 Rb4+ 55. Rb2 Rxb2+ 56. Kxb2 Kg5 57. Bd7 Kh4 58. Kc3 Kg3 59. Bg4 Kf2 60. Kd2
Kf1 61. Bh3+ Kf2 62. Bg4 Kf1 63. Kc3 Kf2 64. Kc4 Ke3 65. Bh5 Ke2 {Game drawn by
mutual agreement} 1/2-1/2

[Event "Team 45 45 League T43"]
[Site "Internet Chess Club"]
[Date "2009.11.29"]
[Round "5"]
[White "easycure"]
[Black "AugustoCaruso"]
[Result "1-0"]
[WhiteElo "2400"]
[BlackElo "2133"]
[Opening "Nimzo-Indian: Kmoch variation"]
[ECO "E20"]
[Time "07:00:51"]
[TimeControl "2700+45"]

1. d4 e6 2. c4 Nf6 3. Nc3 Bb4 4. f3 c5 5. d5 O-O 6. e4 b5 7. Bg5 h6 8. Bh4 Re8
9. d6 bxc4 10. Bxc4 Nc6 11. Ne2 Ne5 12. Bb5 Qb6 13. a3 Bxc3+ 14. Nxc3 a6 15. Be2
Qxb2 16. Rc1 Qxa3 17. O-O Bb7 18. Qd2 c4 19. Bf2 Nd3 20. Bxd3 Qxd6 21. e5 Qxd3
22. Qxd3 cxd3 23. exf6 a5 24. Rfd1 Ba6 25. Ne4 d5 26. Nc5 Bc4 27. fxg7 a4 28.
Nxd3 e5 29. f4 f6 30. fxe5 fxe5 31. Bg3 e4 32. Nf4 Ra5 33. Be1 Rb5 34. Bc3 Kf7
35. Nh5 Rd8 36. Bd4 Be2 37. Rc7+ {Black resigns} 1-0

[Event "Team 45 45 League T43"]
[Site "Internet Chess Club"]
[Date "2009.11.26"]
[Round "5"]
[White "PandorasBox"]
[Black "jorobo"]
[Result "1-0"]
[WhiteElo "2102"]
[BlackElo "2165"]
[Opening "Queen's pawn game"]
[ECO "D02"]
[Time "16:47:03"]
[TimeControl "2700+45"]

1. d4 d5 2. Nf3 e6 3. Bf4 Nf6 4. Nbd2 Be7 5. e3 O-O 6. Bd3 b6 7. Ne5 c5 8. c3
Bb7 9. Qf3 Qc8 10. O-O Ba6 11. c4 Nbd7 12. Rfc1 Qb7 13. Nxd7 Qxd7 14. Be5 cxd4
15. exd4 Rac8 16. Qh3 h6 17. b3 dxc4 18. bxc4 Rfd8 19. f4 Ne8 20. f5 Bf6 21.
fxe6 fxe6 22. Bxf6 Nxf6 23. Nb3 Rc7 24. Qe3 Rdc8 25. Qe2 Qe8 26. a4 Nh5 27. Qe5
Bxc4 28. Nd2 Bxd3 29. Rxc7 Rxc7 30. Qxc7 Qg6 31. Nf3 Be4 32. Rf1 Qg4 33. h3 Qg3
34. Qxg3 Nxg3 35. Re1 Bd5 36. Kf2 Ne4+ 37. Ke3 Nc3 38. Ra1 Bc6 39. a5 b5 40. Rc1
b4 41. Ne1 Kf7 42. Nd3 Bxg2 43. Nxb4 Nb5 44. Rc5 Nd6 45. Rc7+ Kf6 46. Rxa7 Bxh3
47. a6 Nc4+ 48. Kf2 Bf5 49. Rc7 Nb6 50. a7 Be4 51. d5 Na8 52. Rc8 Nb6 53. Rc6
Na8 54. Rxe6+ Kf5 55. Rxe4 Kxe4 56. d6 Nb6 57. d7 {Black resigns} 1-0

[Event "Team 45 45 League T43"]
[Site "Internet Chess Club"]
[Date "2009.11.29"]
[Round "5"]
[White "Ser-Enigma"]
[Black "Zebbile"]
[Result "1-0"]
[WhiteElo "2139"]
[BlackElo "1993"]
[Opening "QGD Slav/Grünfeld: Schlechter variation"]
[ECO "A40"]
[Time "08:07:22"]
[TimeControl "2700+45"]

1. d4 c6 2. c4 Nf6 3. Nf3 g6 4. Nc3 d5 5. Qb3 Bg7 6. cxd5 Nxd5 7. e4 Nb6 8. Be3
Be6 9. Qc2 Nc4 10. Bxc4 Bxc4 11. Ne2 Qa5+ 12. Bd2 Qa6 13. Nf4 Nd7 14. b3 Bb5 15.
Rd1 e5 16. dxe5 c5 17. a4 Bc6 18. e6 Ne5 19. exf7+ Kxf7 20. Ng5+ Kg8 21. Nge6
Rc8 22. Bc3 Bf6 23. Nxc5 Qb6 24. Bxe5 Qb4+ 25. Rd2 Bxe5 26. Nfd3 Qc3 27. Nxe5
Qxe5 28. Qc4+ Kg7 29. O-O Bxe4 30. Qxe4 Rxc5 31. Rd7+ Kh6 32. Qxb7 a5 33. b4
axb4 34. Qxb4 Qh5 35. Re1 Qg5 36. h4 Qf5 37. Qd4 Rg8 38. g4 Qxd7 39. Qxd7 Rgc8
40. g5+ Kh5 41. f3 R8c7 42. Qg4# {Black checkmated} 1-0

[Event "Team 45 45 League T43"]
[Site "Internet Chess Club"]
[Date "2009.11.29"]
[Round "5"]
[White "Chessduke"]
[Black "Guoruey"]
[Result "1-0"]
[WhiteElo "2174"]
[BlackElo "1957"]
[Opening "Petrov: modern attack, main line"]
[ECO "C43"]
[Time "13:56:48"]
[TimeControl "2700+45"]

1. e4 e5 2. Nf3 Nf6 3. d4 exd4 4. e5 Ne4 5. Qxd4 d5 6. exd6 Nxd6 7. Bg5 f6 8.
Bf4 Nc6 9. Qd2 Qe7+ 10. Be2 Bg4 11. O-O O-O-O 12. Re1 Qd7 13. h3 Bf5 14. Nc3 Ne4
15. Nxe4 Bxe4 16. Qe3 Bd5 17. Rad1 Qe6 18. Qc1 Qf7 19. c4 Be6 20. Rxd8+ Kxd8 21.
Qe3 Bb4 22. Rd1+ Kc8 23. a3 Be7 24. Nd4 Nxd4 25. Qxd4 c5 26. Qc3 Bd8 27. Qe3 Be7
28. Bd6 Bxd6 29. Rxd6 Bd7 30. Qxc5+ Kb8 31. Bf3 Rc8 32. Qd4 Bc6 33. Bg4 Re8 34.
Rd8+ Kc7 35. Qd6+ Kb6 36. Qb4+ Ka6 37. Rd6 Qe7 38. Qb5# {Black checkmated} 1-0

[Event "Team 45 45 League T43"]
[Site "Internet Chess Club"]
[Date "2009.11.30"]
[Round "5"]
[White "cknights"]
[Black "Giacometti"]
[Result "1/2-1/2"]
[WhiteElo "1729"]
[BlackElo "1778"]
[Opening "Dutch with c4 & Nc3"]
[ECO "A85"]
[Time "21:29:16"]
[TimeControl "2700+45"]

1. d4 f5 2. c4 Nf6 3. Nc3 e6 4. Nf3 Be7 5. Bf4 O-O 6. e3 b6 7. Bd3 Bb7 8. O-O
Nh5 9. Bg3 Nxg3 10. fxg3 d6 11. Qe2 Nd7 12. e4 fxe4 13. Nxe4 d5 14. Nc3 Rf6 15.
Rae1 Bb4 16. a3 Bxc3 17. bxc3 Qe7 18. cxd5 Bxd5 19. c4 Bxf3 20. Rxf3 Re8 21. Qe4
g6 22. Qg4 Rxf3 23. gxf3 Nf6 24. Qf4 Qxa3 25. Re3 Qe7 26. Qe5 Kf7 27. g4 Qd6 28.
h4 Qxe5 29. Rxe5 Nd7 30. Re1 e5 31. d5 Nc5 32. Bc2 a5 33. Ra1 e4 34. fxe4 Nxe4
35. Rf1+ Kg7 36. Rf4 Nd6 37. Kf2 Rf8 {Game drawn by mutual agreement} 1/2-1/2

[Event "Team 45 45 League T43"]
[Site "Internet Chess Club"]
[Date "2009.11.25"]
[Round "5"]
[White "DanMcClintic"]
[Black "achessfool"]
[Result "1-0"]
[WhiteElo "1618"]
[BlackElo "1526"]
[Opening "English opening"]
[ECO "A20"]
[Time "21:00:12"]
[TimeControl "2700+45"]

1. c4 e5 2. g3 Nf6 3. Bg2 c6 4. d4 Bb4+ 5. Bd2 Qa5 6. dxe5 Bxd2+ 7. Qxd2 Qxe5 8.
Nf3 Qe7 9. Nc3 O-O 10. O-O d5 11. cxd5 cxd5 12. Nd4 Be6 13. Rac1 Rd8 14. Rfd1
Nc6 15. a3 Nxd4 16. Qxd4 Qd7 17. e3 Rac8 18. Qxa7 Bh3 19. Qd4 Rc4 20. Qxc4 Qf5
21. Qd4 Ng4 22. e4 Qh5 23. Bf3 f5 24. exf5 Qxf5 25. Qf4 Rf8 26. Qxf5 Rxf5 27.
Bxg4 Bxg4 28. Rxd5 Rf3 29. Kg2 Rf7 30. Rd8+ Rf8 31. Rxf8+ Kxf8 32. Nd5 Be6 33.
Ne3 Bd7 34. Kf3 Kf7 35. Rc7 Ke6 36. Rxd7 Kxd7 37. Ke4 Ke6 38. f4 g6 39. g4 b6
40. f5+ gxf5+ 41. Nxf5 Kf6 42. h4 Kg6 43. Ke5 h6 44. b4 h5 45. gxh5+ Kxh5 46. a4
{Black resigns} 1-0

[Event "Team 45 45 League T43"]
[Site "Internet Chess Club"]
[Date "2009.11.28"]
[Round "5"]
[White "TheronUAL"]
[Black "cobra2008"]
[Result "0-1"]
[WhiteElo "1471"]
[BlackElo "1669"]
[Opening "Four knights: Scotch, 4...exd4"]
[ECO "C47"]
[Time "22:00:31"]
[TimeControl "2700+45"]

1. e4 e5 2. Nc3 Nc6 3. Nf3 Nf6 4. d4 exd4 5. Nxd4 Bb4 6. Bc4 Nxe4 7. O-O Bxc3 8.
bxc3 O-O 9. Bb2 d5 10. Bd3 Nxd4 11. cxd4 Re8 12. c4 dxc4 13. Bxc4 Nd6 14. Bb3
Qg5 15. Bc1 Qg6 16. Bc2 Bf5 17. Bxf5 Nxf5 18. d5 Rad8 19. Bf4 c6 20. Re1 Rf8 21.
Bc7 Rxd5 22. Qb3 Nd4 23. Qxb7 Nf3+ 24. Kh1 Nxe1 25. Rxe1 Qe4 26. Rc1 Rb5 {White
resigns} 0-1

[Event "Team 45 45 League T43"]
[Site "Internet Chess Club"]
[Date "2009.11.30"]
[Round "5"]
[White "badmove"]
[Black "BishopMike"]
[Result "1/2-1/2"]
[WhiteElo "1613"]
[BlackElo "1521"]
[Opening "Trompowsky attack (Ruth, Opocenský opening)"]
[ECO "A45"]
[Time "15:00:17"]
[TimeControl "2700+45"]

1. d4 Nf6 2. Bg5 h6 3. Bh4 e6 4. e3 c5 5. c3 Be7 6. Bxf6 Bxf6 7. Nd2 cxd4 8.
exd4 O-O 9. Ngf3 Nc6 10. Bd3 e5 11. dxe5 Nxe5 12. Nxe5 Bxe5 13. O-O b6 14. Re1
Qc7 15. Nf3 Bd6 16. Qb3 Bb7 17. Be4 Bxe4 18. Rxe4 Rfe8 19. Rae1 Rxe4 20. Rxe4
Kf8 21. Qd5 Re8 22. Rxe8+ Kxe8 23. Qa8+ Qb8 24. Qe4+ Be7 25. Qh7 Bf8 26. Qe4+
Be7 27. Qh7 Qd6 {Game drawn by mutual agreement} 1/2-1/2

[Event "Team 45 45 League T43"]
[Site "Internet Chess Club"]
[Date "2009.11.26"]
[Round "5"]
[White "noblitz-oblige"]
[Black "Wheels"]
[Result "0-1"]
[WhiteElo "1696"]
[BlackElo "1998"]
[Opening "Sicilian: Najdorf, Lipnitzky attack"]
[ECO "B86"]
[Time "10:31:33"]
[TimeControl "2700+45"]

1. e4 c5 2. Nf3 d6 3. d4 cxd4 4. Nxd4 Nf6 5. Nc3 a6 6. Bc4 e6 7. O-O b5 8. Bd3
Be7 9. a3 O-O 10. f4 Bb7 11. Qf3 Nc6 12. e5 dxe5 13. Nxc6 Qb6+ 14. Be3 Qxc6 15.
Qh3 exf4 16. Rxf4 h6 17. Raf1 Bc5 18. Ne4 Bxe3+ 19. Qxe3 Nd5 20. Qg3 Nxf4 21.
Rxf4 Qb6+ 22. Kh1 Bxe4 23. Rxe4 Rad8 24. Rg4 Rfe8 25. Rxg7+ Kf8 26. Rh7 Qd4 27.
Rxh6 Qxb2 28. h4 Qc1+ 29. Kh2 Qxh6 {White resigns} 0-1

[Event "Team 45 45 League T43"]
[Site "Internet Chess Club"]
[Date "2009.11.29"]
[Round "5"]
[White "Portola"]
[Black "RD1974"]
[Result "1/2-1/2"]
[WhiteElo "1828"]
[BlackElo "1696"]
[Opening "Queen's pawn: Torre attack"]
[ECO "A46"]
[Time "18:31:12"]
[TimeControl "2700+45"]

1. d4 Nf6 2. Nf3 e6 3. Bg5 h6 4. Bh4 d6 5. Nbd2 Be7 6. e3 Nbd7 7. Bd3 g5 8. Bg3
Nh5 9. c3 Bf6 10. Qc2 Qe7 11. O-O-O Bg7 12. Kb1 Rb8 13. Nb3 b6 14. Rhe1 a5 15.
e4 a4 16. Nbd2 a3 17. b3 Nxg3 18. fxg3 O-O 19. Nc4 Ra8 20. Qc1 Ba6 21. Nxa3
Bxd3+ 22. Rxd3 d5 23. Nc2 dxe4 24. Rxe4 Nf6 25. Re1 Nd5 26. Ne3 Qd6 27. Nxd5
Qxd5 28. Rd2 Rfd8 29. Red1 Qa5 30. Rc2 Qf5 31. Rf1 Qd3 32. Ne5 Bxe5 33. dxe5 Rd5
34. Rf3 Qa6 35. Re3 Rad8 36. Re1 Qd3 37. Qe3 Qf5 38. Kb2 Rd3 39. Qe4 Qxe4 40.
Rxe4 R3d5 41. Ree2 Kh7 42. Kc1 Kg6 43. g4 Rd1+ 44. Kb2 R8d5 45. h3 Kg7 46. c4
Rd7 47. b4 Kf8 48. Rc3 R7d4 49. a3 Ke8 50. c5 b5 51. c6 Ke7 52. Rc5 Rd5 53. Rec2
Re1 54. Rxd5 exd5 55. Rc5 Ke6 56. Rxb5 Kxe5 57. Rb7 Kd6 58. Kb3 d4 59. Kc4 Kxc6
60. Rb8 Re3 61. Kxd4 Rxa3 62. b5+ Kd7 63. Ke5 c5 64. bxc6+ Kxc6 65. Rb2 Kd7 66.
Kf6 Ke8 67. Rb8+ Kd7 68. Kxf7 Ra2 69. Rh8 Rxg2 70. Rxh6 Ra2 71. Rh5 Ra5 72. Kg6
Ke6 73. Rxg5 Ra3 74. Rh5 Rg3 75. Kg5 Kf7 76. Kh4 Rg1 77. Kg5 Rg3 78. Rh4 Kg7 79.
Rh6 Rg1 80. Rg6+ Kh7 81. h4 Rh1 82. h5 Rf1 83. Rf6 Ra1 84. Rf7+ Kg8 85. Kg6 Rg1
86. g5 Rxg5+ 87. Kxg5 Kxf7 88. h6 Kg8 89. Kg6 Kh8 90. Kg5 Kh7 91. Kh5 Kh8 92.
Kg6 Kg8 {Game drawn by mutual agreement} 1/2-1/2

[Event "Team 45 45 League T43"]
[Site "Internet Chess Club"]
[Date "2009.11.28"]
[Round "5"]
[White "OGO"]
[Black "g8wrb"]
[Result "1-0"]
[WhiteElo "1475"]
[BlackElo "1413"]
[Opening "Alekhine's defense"]
[ECO "B03"]
[Time "11:08:07"]
[TimeControl "2700+45"]

1. e4 Nf6 2. e5 Nd5 3. d4 d6 4. exd6 exd6 5. c4 Nb6 6. Nf3 Be7 7. Be2 O-O 8. O-O
Bg4 9. Qc2 Nc6 10. Be3 Bf6 11. Rd1 Re8 12. h3 Bh5 13. Na3 Bg6 14. Bd3 Nb4 15.
Qc3 Nxd3 16. Rxd3 Bxd3 17. Qxd3 Qe7 18. Re1 Qe4 19. Qd2 Qc6 20. b3 Re4 21. Qd3
Rae8 22. Nb5 a6 23. Nc3 d5 24. cxd5 Nxd5 25. Nxe4 Nb4 26. Nxf6+ Qxf6 27. Qd2 Nd5
28. Bg5 Rxe1+ 29. Qxe1 Qc6 30. Qd2 Qd6 31. Be3 c6 32. Ne5 c5 33. Nc4 Qf6 34.
dxc5 b5 35. Qxd5 {Black resigns} 1-0

[Event "Team 45 45 League T43"]
[Site "Internet Chess Club"]
[Date "2009.11.28"]
[Round "5"]
[White "AtomicDog"]
[Black "islanderpfeifer"]
[Result "1-0"]
[WhiteElo "1329"]
[BlackElo "1535"]
[Opening "Sicilian: Taimanov variation"]
[ECO "B45"]
[Time "09:04:52"]
[TimeControl "2700+45"]

1. e4 c5 2. Nf3 Nc6 3. d4 cxd4 4. Nxd4 e6 5. Nc3 Bb4 6. e5 Nxe5 7. Bf4 Ng6 8.
Bd6 Bxd6 9. Ncb5 Bc5 10. Nb3 Qb6 11. Nxc5 Qxc5 12. Nd6+ Ke7 13. Ne4 Qb4+ 14. Nc3
Qxb2 15. Nb5 d5 16. c3 a6 17. Rb1 Qxa2 18. Ra1 Qb2 19. Rb1 Qa2 20. Ra1 axb5 21.
Rxa2 Rxa2 22. Bxb5 Bd7 23. Bxd7 Kxd7 24. O-O Nf6 25. c4 Rha8 26. cxd5 exd5 27.
Qb3 R8a7 28. Qb5+ Kc8 29. Qc5+ Kb8 30. Qd6+ Kc8 31. Rc1+ {Black resigns} 1-0

[Event "Team 45 45 League T43"]
[Site "Internet Chess Club"]
[Date "2009.11.27"]
[Round "5"]
[White "zachi"]
[Black "Electryon"]
[Result "1-0"]
[WhiteElo "1957"]
[BlackElo "1404"]
[Opening "Sicilian: closed, 6.f4 e5 (Botvinnik)"]
[ECO "B24"]
[Time "08:06:36"]
[TimeControl "2700+45"]

1. e4 c5 2. Nc3 Nc6 3. g3 g6 4. Bg2 Bg7 5. f4 e5 6. d3 d6 7. Nf3 Nge7 8. O-O O-O
9. h3 b6 10. g4 f5 11. exf5 gxf5 12. gxf5 Bxf5 13. fxe5 dxe5 14. Nh4 Rc8 15.
Nxf5 Nxf5 16. Qg4 Qd4+ 17. Qxd4 exd4 18. Bd5+ Kh8 19. Ne4 Nfe7 20. Be6 Rxf1+ 21.
Kxf1 Rf8+ 22. Ke2 Ng6 23. a3 Nce5 24. b4 Nf4+ 25. Bxf4 Rxf4 26. bxc5 bxc5 27.
Nxc5 Bf8 28. Ne4 h6 29. a4 Nf7 30. Rg1 Be7 31. Rb1 Nd6 32. Rb8+ Rf8 33. Rxf8+
Bxf8 34. Kf3 Kg7 35. Nxd6 Bxd6 36. Ke4 Bc5 37. Kd5 Bb6 38. a5 Bxa5 39. Kxd4 Kf6
40. Bg4 Bb6+ 41. Kd5 Ke7 42. c4 a5 43. Bd1 Kd7 44. Ba4+ Kc7 45. c5 Ba7 46. d4 h5
47. Kc4 Kc8 48. d5 Kc7 49. h4 Kb7 50. Bd1 Kc7 51. Bxh5 a4 52. Bd1 a3 53. Bb3 Kd7
54. h5 Bb8 55. d6 Ke6 56. h6 Kf6 57. Kd5 Kg6 58. c6 Kxh6 59. c7 {Black resigns}
1-0

[Event "Team 45 45 League T43"]
[Site "Internet Chess Club"]
[Date "2009.11.27"]
[Round "5"]
[White "Beancounter"]
[Black "Esslinger"]
[Result "1-0"]
[WhiteElo "1641"]
[BlackElo "1357"]
[Opening "English, 1...Nf6 (Anglo-Indian defense)"]
[ECO "A15"]
[Time "14:00:31"]
[TimeControl "2700+45"]

1. c4 Nf6 2. g3 g6 3. Bg2 Bg7 4. Nf3 O-O 5. O-O d6 6. Nc3 e5 7. Rb1 Bf5 8. d3
Qd7 9. b4 c6 10. b5 Bh3 11. Bxh3 Qxh3 12. bxc6 bxc6 13. Qa4 Qc8 14. Ba3 c5 15.
Qb5 Qc6 16. Qb7 Qxb7 17. Rxb7 Nc6 18. Rfb1 Rab8 19. Ng5 Rfc8 20. Nxf7 Rxb7 21.
Rxb7 Bf8 22. Nb5 Ne8 23. Ng5 h6 24. Ne6 a6 25. Nc3 Rb8 26. Rxb8 Nxb8 27. Bc1 h5
28. Nd5 Nc6 29. Nxf8 Kxf8 30. Bh6+ Kf7 31. e3 Nf6 32. a3 Nxd5 33. cxd5 Ne7 34.
e4 Nc8 35. Kf1 Na7 36. Ke2 Nb5 37. Bc1 Nd4+ 38. Ke3 a5 39. h4 a4 40. f3 Kf6 41.
g4 hxg4 42. fxg4 Nb5 43. Bb2 Nd4 44. Bxd4 cxd4+ 45. Kf3 Kg7 46. g5 Kf7 47. Kg4
Kg7 48. h5 gxh5+ 49. Kxh5 Kh7 50. g6+ Kg7 51. Kg5 Kg8 52. Kf6 Kf8 53. Ke6 Kg7
54. Kxd6 Kxg6 55. Kxe5 {Black resigns} 1-0

[Event "Team 45 45 League T43"]
[Site "Internet Chess Club"]
[Date "2009.11.27"]
[Round "5"]
[White "AndersO"]
[Black "FractalDante"]
[Result "1-0"]
[WhiteElo "1408"]
[BlackElo "1430"]
[Opening "Sicilian: Grand Prix attack"]
[ECO "B23"]
[Time "16:00:19"]
[TimeControl "2700+45"]

1. e4 c5 2. Nc3 Nc6 3. f4 d6 4. Nf3 Nf6 5. Bb5 a6 6. Bxc6+ bxc6 7. O-O e6 8. d3
Be7 9. Qe1 O-O 10. e5 Nd5 11. Ne4 f5 12. Nxd6 Bxd6 13. exd6 Qxd6 14. Ne5 Rb8 15.
Qg3 Rd8 16. b3 Nc3 17. Qf3 Bb7 18. Bb2 Nd5 19. Qg3 Qf8 20. Rae1 Ne7 21. Nc4 Bc8
22. Qg5 h6 23. Qh4 Nd5 24. Ne5 Bb7 25. Rf3 Qf6 26. Qf2 Rd6 27. Nc4 Qe7 28. Nxd6
Qxd6 29. Be5 {Black resigns} 1-0

[Event "Team 45 45 League T43"]
[Site "Internet Chess Club"]
[Date "2009.11.29"]
[Round "5"]
[White "yemisco1"]
[Black "kingsrook"]
[Result "1-0"]
[WhiteElo "1548"]
[BlackElo "1315"]
[Opening "Queen's pawn: Chigorin variation"]
[ECO "D00"]
[Time "14:02:00"]
[TimeControl "2700+45"]

1. d4 d5 2. Nc3 Nf6 3. g3 c6 4. Bg2 Bf5 5. Nf3 Nbd7 6. Bf4 e6 7. a3 Be7 8. O-O
O-O 9. Re1 Re8 10. Ne5 Bd6 11. Qc1 Qc7 12. Nxd7 Qxd7 13. Be5 Be7 14. Bxf6 Bxf6
15. e3 Rac8 16. Ne2 e5 17. c3 Bh3 18. dxe5 Bxe5 19. Nf4 Bxf4 20. exf4 Bxg2 21.
Rxe8+ Rxe8 22. Kxg2 Qf5 23. Qd1 Qe4+ 24. Kg1 h6 25. Rc1 Qe2 26. Qxe2 Rxe2 27.
Rb1 Rc2 28. Kg2 Kf8 29. Kf3 f6 30. h4 Kf7 31. f5 a5 32. h5 b5 33. Ke3 c5 34. f3
Rg2 35. g4 Ke7 36. Kd3 Kd7 37. b3 Rg3 38. Ke3 Rg2 39. Kd3 Ra2 40. a4 Kc6 41.
axb5+ Kxb5 42. c4+ Kc6 43. cxd5+ Kxd5 44. Kc3 Re2 45. Rd1+ Kc6 46. Kd3 Re7 47.
Kc4 Rb7 48. Rd8 Rb4+ 49. Kc3 Rb7 50. Ra8 Kb5 51. Rc8 Ra7 52. Rb8+ Kc6 53. Kc4
Rb7 54. Rxb7 Kxb7 55. Kxc5 Ka6 56. Kc6 {Black resigns} 1-0